 Dungeon Crawl Stone Soup version 0.30.0-29-ga12c61a403 (webtiles) character file.

Game seed: 4518592839659495729

275 qw the Chopper (level 6, -2/37 HPs)
             Began as a Gargoyle Fighter on June 4, 2023.
             Slain by a hornet (11 damage)
             ... on level 5 of the Dungeon.
             The game lasted 00:01:51 (3574 turns).

qw the Chopper (Gargoyle Fighter)                   Turns: 3574, Time: 00:01:52

Health: -2/37      AC: 19    Str: 21    XL:     6   Next: 24%
Magic:  6/6        EV:  8    Int:  9    God:
Gold:   229        SH:  8    Dex:  9    Spells: 5/5 levels left

rFire   + . .        Y - +1 war axe (protect)
rCold   x . .        f - +0 kite shield
rNeg    + + +        b - +0 scale mail
rPois   inf          i - +0 helmet
rElec   +            (no cloak)
rCorr   .            (no gloves)
SInv    .            (no boots)
Will    .....        t - amulet of the acrobat Stlth
                     c - ring "Dyisid" {Fire Fly rElec rN+++ Will-}
HPRegen 0.26/turn    (no ring)
MPRegen 0.10/turn

%: acrobat
@: about to teleport, weakened, under a protective aura, flying
A: sickness immunity, AC +4, negative energy resistance 1, electricity
resistance, torment resistance 1, petrification resistance
a: no special abilities


You were on level 5 of the Dungeon.
You visited 1 branch of the dungeon, and saw 5 of its levels.

You collected 229 gold pieces.


Innate Abilities, Weirdness & Mutations

You are immune to sickness and miasma.
Your stone body is resilient. (AC +4)
You are immune to poison.
You resist negative energy. (rN+)
You are resistant to electric shocks. (rElec)
You are resistant to unholy torment.
You are immune to petrification.


   Skills:
 - Level 3.5 Fighting
 - Level 5.1 Axes
 - Level 3.2 Armour
 + Level 4.4 Shields


You had 5 spell levels left.
You didn't know any spells.
Your spell library was empty.

Inventory:

Hand Weapons
 m - a +0 flail
 Y - a +1 war axe of protection (weapon)
Armour
 b - a +0 scale mail (worn)
 f - a +0 kite shield (worn)
 i - a +0 helmet (worn)
Jewellery
 c - the ring "Dyisid" (left hand) {Fire Fly rElec rN+++ Will-}
   (You found it on level 4 of the Dungeon)

   [ring of fire]

   It enhances your fire magic.
   rF:        It protects you from fire.
   rC:        It makes you vulnerable to cold.
   rElec:     It insulates you from electricity.
   rN:        It renders you almost immune to negative energy.
   Fly:       It grants you flight.
   Will:      It decreases your willpower.
 t - an amulet of the acrobat (around neck)
Scrolls
 n - a scroll of identify
Potions
 d - 2 potions of might
 e - a potion of cancellation
 g - a potion of magic
 h - a potion of curing
 k - a potion of attraction
 p - a potion of flight {unknown}
 q - a potion of mutation {unknown}
 s - a potion of brilliance {unknown}
 u - a potion of berserk rage {unknown}

Dungeon Overview and Level Annotations

Branches:
Dungeon (5/15)
 Temple: D:4-7

Altars:
Yredelemnul

Shops:
D:1 (


Message History

The jackal barks!
The hornet stings you but does no damage.
3570 ||| DRINKING potion of heal wounds.
You feel much better. You block the hornet's attack.
A jackal comes into view.
The hornet stings you.
A gnoll bouda comes into view. It is wielding a +0 whip.
You barely miss the hornet.
The gnoll bouda shouts!
The hornet stings you.
The gnoll bouda barks out a call to the hunt!
The hornet stings you.
You barely miss the hornet. You barely miss the acid dragon.
You completely miss the phantom. You block the hornet's attack.
A gnoll comes into view. It is wielding a +0 spear.
The gnoll bouda gazes fiercely through you!
You feel your attacks grow feeble.
The phantom hits you but does no damage.
The acid dragon bites you but does no damage.
The acid dragon claws you. The hornet stings you.
A gnoll comes into view. It is wielding a +0 club.
You hear a shout!
You miss the hornet. You barely miss the acid dragon.
The gnoll shouts!
You hit the phantom.
Your weapon exudes an aura of protection.
Your surroundings seem slightly different.
Found a scroll labelled ZAUS MEOTTOSTRA.
Enter note:
Enter note:
Enter note:
3574 ||| READING scroll of teleportation.
As you read the scroll of teleportation, it crumbles to dust.
You feel strangely unstable.
You are no longer corroded.
The jackal bites you but does no damage.
The hornet stings you!
You die...

. ##.#...........
#.#...........
#....#........
##..).#........ #
#....#.........
.#.#..D###........
..................
g...h.yW.<........
g.gg....h@..........
g.......##..........
........(#...<......
.....#..............
?. ##............. .
...#............ ..
#..<......... .
#.....###....
##....# ...


You could see a hornet, an acid dragon, a phantom, a gnoll bouda, 2 gnolls and 2
jackals.

Vanquished Creatures
  A jelly (D:4)
  An orc priest (D:3)
  An iguana (D:4)
  2 orc wizards (D:3)
  4 adders
  2 worms
  2 dart slugs
  7 orcs
  9 ball pythons
  3 bats
  7 endoplasms
  5 giant cockroaches
  2 hobgoblins
  15 jackals
  7 kobolds
  2 quokkas (D:1)
  2 frilled lizards
  7 goblins
  8 rats
87 creatures vanquished.

Notes
Turn   | Place    | Note
-------+----------+-------------------------------------------
     0 | D:1      | qw the Gargoyle Fighter began the quest for the Orb.
     0 | D:1      | Reached XP level 1. HP: 14/14 MP: 1/1
     0 | D:1      | 0 ||| qw: Version: 0.2-a-107-g4668610
     0 | D:1      | 0 ||| qw: Game counter: 1294
     0 | D:1      | 0 ||| qw: Always use a shield: true
     0 | D:1      | 0 ||| qw: God list: Okawaru
     0 | D:1      | 0 ||| qw: Allow faded altars: false
     0 | D:1      | 0 ||| qw: Do Orc after D:15 true
     0 | D:1      | 0 ||| qw: Do second Lair branch before Depths: true
     0 | D:1      | 0 ||| qw: Lair rune preference: random
     0 | D:1      | 0 ||| qw: Plans: Normal, Zot:1-4, Slime:5, God:TSO, Crypt,
                  | Tomb, Abyss, Pan, Hells, Win
     0 | D:1      | 0 ||| PLANNING D:1-11
    50 | D:1      | 50 ||| Stepping ~*~*~tactically~*~*~ (stealth).
    55 | D:1      | Reached skill level 2 in Axes
    60 | D:1      | 60 ||| Stepping ~*~*~tactically~*~*~ (stealth).
   219 | D:1      | 219 ||| Stepping ~*~*~tactically~*~*~ (stealth).
   227 | D:1      | Reached XP level 2. HP: 17/19 MP: 2/2
   316 | D:1      | 316 ||| Stepping ~*~*~tactically~*~*~ (stealth).
   318 | D:1      | 318 ||| Stepping ~*~*~tactically~*~*~ (stealth).
   319 | D:1      | 319 ||| Stepping ~*~*~tactically~*~*~ (stealth).
   331 | D:1      | 331 ||| Stepping ~*~*~tactically~*~*~ (stealth).
   339 | D:1      | Found a faded altar of an unknown god.
   349 | D:1      | 349 ||| Stepping ~*~*~tactically~*~*~ (stealth).
   358 | D:1      | Reached skill level 3 in Axes
   363 | D:1      | Reached XP level 3. HP: 19/23 MP: 3/3
   412 | D:1      | Found Vantouwuabb's Weapon Emporium.
   421 | D:1      | 421 ||| SHOPLISTING +2 demon whip of draining (507 gold,
                  | have 40).
   577 | D:1      | 577 ||| Stepping ~*~*~tactically~*~*~ (stealth).
   578 | D:1      | 578 ||| Stepping ~*~*~tactically~*~*~ (stealth).
   589 | D:1      | 589 ||| Stepping ~*~*~tactically~*~*~ (stealth).
   590 | D:1      | 590 ||| Stepping ~*~*~tactically~*~*~ (stealth).
   782 | D:1      | 782 ||| READING scroll labelled NEUSILIPNO.
   783 | D:1      | 783 ||| READING scroll labelled XOEX ZURITAKLA.
  1090 | D:2      | 1090 ||| Stepping ~*~*~tactically~*~*~ (stealth).
  1095 | D:2      | Reached XP level 4. HP: 28/28 MP: 4/4
  1095 | D:2      | 1095 ||| Stepping ~*~*~tactically~*~*~ (stealth).
  1101 | D:2      | 1101 ||| Stepping ~*~*~tactically~*~*~ (stealth).
  1568 | D:2      | Reached skill level 4 in Axes
  1659 | D:2      | 1659 ||| UPGRADING to +0 helmet.
  1664 | D:2      | 1664 ||| DROPPING +6 ring of intelligence.
  1665 | D:2      | 1665 ||| READING scroll labelled AQAOREORAO.
  1666 | D:2      | 1666 ||| READING scroll labelled OGUCHOAXUL.
  1770 | D:3      | Found a basalt altar of Yredelemnul.
  1779 | D:3      | 1779 ||| DROPPING +0 whip.
  1928 | D:3      | 1928 ||| Stepping ~*~*~tactically~*~*~ (stealth).
  1931 | D:3      | 1931 ||| Stepping ~*~*~tactically~*~*~ (hiding).
  2048 | D:3      | Reached XP level 5. HP: 29/32 MP: 5/5
  2117 | D:3      | Reached skill level 5 in Axes
  2721 | D:3      | 2721 ||| UPGRADING to +0 kite shield.
  2731 | D:3      | 2731 ||| DROPPING +0 buckler.
  2732 | D:3      | 2732 ||| READING 3 scrolls labelled WUBBADEGOU.
  2736 | D:3      | 2736 ||| READING scroll labelled POSSIO RUYCOS.
  2737 | D:3      | 2737 ||| DRINKING 2 murky emerald potions.
  2738 | D:3      | 2738 ||| READING 4 scrolls of identify.
  2738 | D:3      | 2738 ||| IDENTIFYING golden potion
  2739 | D:3      | 2739 ||| READING 3 scrolls of identify.
  2739 | D:3      | 2739 ||| IDENTIFYING silvery potion
  2740 | D:3      | 2740 ||| READING 2 scrolls of identify.
  2740 | D:3      | 2740 ||| IDENTIFYING fizzy orange potion
  2773 | D:4      | Identified the ring "Dyisid" {Fire Fly rElec rN+++ Will-}
  2842 | D:4      | 2842 ||| FLEEEEING.
  3235 | D:4      | 3235 ||| Stepping ~*~*~tactically~*~*~ (stealth).
  3253 | D:4      | 3253 ||| Stepping ~*~*~tactically~*~*~ (stealth).
  3411 | D:4      | 3411 ||| UPGRADING to amulet of the acrobat.
  3416 | D:4      | 3416 ||| UPGRADING to ring "Dyisid" {Fire Fly rElec rN+++
                  | Will-}.
  3417 | D:4      | 3417 ||| READING scroll labelled EMIDUW DYADALYKU.
  3418 | D:4      | 3418 ||| READING scroll labelled NOEWOA MUYMA.
  3419 | D:4      | 3419 ||| READING 3 scrolls of identify.
  3419 | D:4      | 3419 ||| IDENTIFYING lumpy brown potion
  3420 | D:4      | 3420 ||| READING 2 scrolls of identify.
  3420 | D:4      | 3420 ||| IDENTIFYING metallic dark potion
  3421 | D:4      | 3421 ||| DROPPING potion of degeneration.
  3448 | D:5      | Entered Level 5 of the Dungeon
  3453 | D:5      | 3453 ||| STAIRDANCE
  3456 | D:4      | Reached XP level 6. HP: 34/37 MP: 6/6
  3467 | D:5      | 3467 ||| STAIRDANCE
  3560 | D:5      | Noticed an acid dragon
  3561 | D:5      | 3561 ||| FLEEEEING.
  3562 | D:5      | 3562 ||| FLEEEEING.
  3563 | D:5      | 3563 ||| FLEEEEING.
  3565 | D:5      | Noticed a hornet
  3568 | D:5      | HP: 8/37 [hornet (5)]
  3569 | D:5      | 3569 ||| READING 2 scrolls of teleportation.
  3570 | D:5      | 3570 ||| DRINKING potion of heal wounds.
  3574 | D:5      | 3574 ||| READING scroll of teleportation.
  3574 | D:5      | Slain by a hornet

Levels and vault maps discovered:
D:1:      dpeg_arrival_round_a, layout_basic, serial_shops,
          nicolae_shop_crystal, shapermc_ecumenical_altar_flowoftime
D:2:      layout_loops_corners
D:3:      layout_basic, mainiacjoe_overflow_six_doors_small
D:4:      layout_loops_ring
D:5:      layout_cave_pools, minmay_temple_entry_mist, gammafunk_ghost_cemetery,
          guppyfry_shop_venom

Skill      XL: |  1  2  3  4  5 |
---------------+----------------+-----
Axes           | 2 3 4 5 |  5.1
Shields        | 4 |  4.4
Fighting       | |  3.5
Armour         | |  3.2

Action                     |  1- 3 |  4- 6 || total
---------------------------+-------+-------++-------
  Melee: War axe           |   117 |   155 ||   272
    Use: Scroll            |     2 |    13 ||    15
         Potion            |       |     2 ||     2
 Armour: Scale mail        |    65 |    82 ||   147
  Dodge: Dodged            |    66 |    54 ||   120
  Block: Buckler           |    25 |    18 ||    43
         Kite shield       |       |    15 ||    15

Table legend:
 A = Non-vault XP
 B = Vault XP
 C = Vault XP percentage of total XP
 D = Non-vault monster count
 E = Vault monster count
 F = Vault count percentage of total count
                 A         B        C        D         E       F
            +---------+---------+-------+---------+---------+-------
      Total |     393 |       0 |   0.0 |      87 |       0 |   0.0
            +---------+---------+-------+---------+---------+-------
        D:1 |      57 |       0 |   0.0 |      32 |       0 |   0.0
        D:2 |      45 |       0 |   0.0 |      18 |       0 |   0.0
        D:3 |     167 |       0 |   0.0 |      24 |       0 |   0.0
        D:4 |     124 |       0 |   0.0 |      13 |       0 |   0.0
            +---------+---------+-------+---------+---------+-------
